Map: Berlingrad LE

Players

Reveral

  • Race: Terran Terran
  • League: Diamond
  • Spawn Location: 5:00

imPLATonNA - Winner!

  • Race: Zerg Zerg
  • League: Diamond
  • Spawn Location: 11:00

VOD

Have the link to the VOD?

Description

Time

  • Played on: June 29, 2022, 8:26 p.m.
  • Length: 12:53
Show
View Real Time Build Order
Export as new Build Order

Reveral Terran 

Build Orders:  

Get SALT Encoding   

  12  0:00  SCV  
  13  0:12  SCV  
  14  0:18  Supply Depot  
  14  0:24  SCV  
  15  0:40  SCV  
  16  0:43  Barracks  
  16  0:45  Refinery  
  16  0:52  SCV  
  17  1:04  SCV  
  18  1:16  SCV  
  19  1:30  Orbital Command, Barracks Reactor  
  19  1:39  Command Center  
  19  1:50  Barracks  
  19  1:57  SCV  
  20  2:05  Supply Depot  
  20  2:06  Marine x2  
  22  2:10  SCV  
  23  2:20  Factory  
  23  2:26  Marine x2, SCV  
  26  2:37  Refinery  
  26  2:38  SCV, Barracks Tech Lab  
  27  2:44  Marine x2  
  27  2:50  SCV  
  30  2:55  SCV  
  31  2:59  Marine, Stimpack  
  31  3:02  Marine x2  
  34  3:08  SCV  
  35  3:14  Orbital Command  
  35  3:18  Marine  
  36  3:20  SCV  
  36  3:26  Starport  
  37  3:27  Factory Reactor  
  37  3:31  Marine  
  37  3:32  Marine  
  39  3:35  SCV  
  39  3:40  Marine  
  41  3:43  SCV  
  41  3:47  SCV  
  43  3:49  Marine  
  43  3:54  Supply Depot  
  44  3:57  Marine  
  44  3:58  Marine  
  44  3:59  Supply Depot  
  46  4:16  Medivac x2, Marine x2, SCV x2  
  54  4:20  Marine, Supply Depot  
  55  4:31  SCV, Supply Depot  
  56  4:33  SCV  
  56  4:34  Marine x2, Widow Mine  
  56  4:38  Marine  
  61  4:44  Supply Depot  
  62  4:51  Marine x2  
  50  5:04  SCV x2  
  50  5:09  Medivac, Factory Reactor  
  50  5:10  Medivac  
  50  5:12  Command Center  
  54  5:16  Marine x3, SCV  
  51  5:33  Marine x2  
  51  5:34  Marine  
  53  5:41  Combat Shield  
  53  5:47  Barracks  
  53  5:51  Marine x3  
  53  5:53  Command Center  
  56  5:59  Engineering Bay  
  56  6:01  Barracks, SCV  
  56  6:02  Engineering Bay  
  56  6:03  SCV  
  58  6:09  Marine x2  
  60  6:13  SCV  
  60  6:17  Marine  
  62  6:24  SCV  
  63  6:25  Terran Infantry Weapons Level 1  
  63  6:26  SCV  
  63  6:27  Marine x2  
  63  6:28  Terran Infantry Armor Level 1  
  66  6:34  Marine  
  66  6:37  Barracks Reactor  
  66  6:38  Medivac x2  
  71  6:45  Marine  
  72  6:50  Marine  
  72  6:52  Barracks Reactor  
  72  6:53  Widow Mine x2  
  77  7:04  Marine x2  
  77  7:06  Concussive Shells  
  77  7:07  Marine  
  80  7:11  Orbital Command  
  80  7:14  Marine x2  
  82  7:21  Marine x2, SCV x2  
  86  7:25  Marine  
  87  7:32  Marine x2  
  87  7:33  SCV x2  
  89  7:39  Marine  
  89  7:40  Marine x3  
  89  7:43  Marine  
  94  7:49  Marine  
  94  7:50  Marine  
  96  7:57  Marine  
  96  7:58  Marine  
  93  8:17  Marine x4  
  84  8:29  Marine x3  
  87  8:34  Marine  
  87  8:35  Marine  
  87  8:38  Marine x2  
  87  8:39  Armory  
  91  8:47  Marine x3  
  94  8:52  Marine x2  
  94  8:53  SCV, Widow Mine x2  
  101  8:58  Supply Depot  
  101  9:00  SCV, Supply Depot  
  101  9:01  Marine x2, SCV  
  99  9:05  Marine  
  99  9:06  SCV  
  99  9:08  Marine x2  
  103  9:10  Marine x2  
  105  9:23  Marine x2  
  96  9:34  Marine x2  
  94  9:43  Marine  
  94  9:44  Marine x3  
  94  9:45  Medivac x2  
  92  9:48  SCV x2  
  94  9:56  Marine x3  
  91  10:09  Marine  
  91  10:10  Marine x3  
  91  10:14  Marine  
  95  10:15  Medivac x2  
  95  10:17  SCV x3  
  95  10:20  Refinery x2  
  99  10:28  Marine x2  
  99  10:29  SCV  
  99  10:31  Marine x4  
  99  10:32  Marine  
  106  10:46  Marine x2  
  106  10:48  Marine  
  106  10:49  Marine x2  
  110  10:50  Marine x2  
  113  11:04  Marine x2  
  113  11:06  Marine  
  113  11:10  Armory  
  113  11:11  Marine, Widow Mine x2  
  120  11:12  Barracks  
  120  11:13  Barracks x2  
  120  11:15  Barracks, Command Center  
  111  11:32  Widow Mine  
  111  11:35  Marauder  
  103  11:43  Marine x2  
  103  11:44  Marine x4  
  100  11:56  Marauder  
  102  12:01  Marine  
  103  12:18  Marauder  
  96  12:24  Barracks Tech Lab x2  
  96  12:25  Barracks Tech Lab x2  
Show
View Real Time Build Order
Export as new Build Order

imPLATonNA Zerg - Winner!

Build Orders: Hatch First, Lurkers 

Get SALT Encoding   

  12  0:00  Drone  
  13  0:12  Overlord  
  13  0:17  Drone  
  14  0:31  Drone x2  
  16  0:47  Hatchery  
  15  0:51  Drone  
  15  0:55  Drone  
  17  0:58  Drone  
  18  1:10  Extractor  
  17  1:13  Spawning Pool  
  17  1:16  Drone  
  17  1:20  Drone  
  18  1:28  Drone  
  19  1:39  Drone  
  20  1:49  Drone  
  21  2:00  Queen x2  
  25  2:01  Zergling x4  
  27  2:13  Overlord, Drone  
  28  2:21  Hatchery  
  27  2:27  Drone  
  28  2:33  Drone x2  
  28  2:34  Drone  
  31  2:38  Queen  
  31  2:43  Metabolic Boost  
  33  2:47  Overlord  
  33  2:51  Drone  
  34  2:58  Drone x2  
  36  3:10  Drone x5  
  41  3:16  Queen  
  41  3:17  Overlord  
  43  3:26  Overlord  
  43  3:32  Queen  
  45  3:34  Drone x2  
  45  3:37  Drone x2  
  45  3:41  Drone  
  50  3:45  Drone  
  51  3:53  Drone x4  
  51  3:54  Queen  
  56  4:04  Overlord x2  
  56  4:07  Drone  
  56  4:09  Baneling Nest, Drone x5  
  61  4:11  Queen  
  63  4:25  Drone x3  
  63  4:27  Zergling x8  
  63  4:30  Queen  
  72  4:33  Zergling x10  
  77  4:39  Overlord  
  77  4:40  Overlord  
  77  4:41  Queen  
  77  4:43  Zergling x4  
  79  4:59  Drone x5  
  81  5:04  Evolution Chamber  
  81  5:06  Evolution Chamber  
  81  5:07  Drone x7  
  81  5:09  Extractor, Lair  
  81  5:10  Extractor  
  81  5:13  Drone x3  
  87  5:18  Extractor  
  87  5:19  Extractor  
  79  5:35  Zergling x10  
  79  5:36  Zergling x2  
  84  5:51  Zerg Ground Armor Level 1  
  84  5:52  Zerg Melee Weapons Level 1  
  84  5:55  Hatchery, Overlord, Drone x3  
  84  5:56  Overlord x2  
  86  6:03  Drone  
  87  6:04  Overlord  
  87  6:05  Overlord x5  
  87  6:08  Centrifugal Hooks  
  87  6:15  Zergling x4  
  87  6:16  Zergling x4  
  87  6:17  Zergling x4  
  92  6:19  Overseer  
  92  6:21  Drone x2  
  92  6:22  Drone  
  92  6:23  Extractor  
  92  6:25  Hatchery, Drone x2  
  95  6:45  Drone  
  96  6:47  Hydralisk Den  
  96  6:52  Drone x13  
  108  6:59  Spore Crawler x3  
  105  7:02  Drone  
  105  7:03  Drone x2  
  105  7:05  Drone x3  
  105  7:07  Baneling x6  
  105  7:08  Baneling x2  
  111  7:10  Spore Crawler  
  110  7:17  Zergling x8  
  110  7:21  Grooved Spines  
  114  7:23  Drone  
  114  7:24  Infestation Pit  
  109  7:43  Pneumatized Carapace  
  109  7:50  Zerg Ground Armor Level 2  
  109  7:57  Zergling x2  
  109  7:58  Zergling x34  
  124  8:12  Zergling x2  
  124  8:13  Zergling x12  
  124  8:24  Spore Crawler  
  124  8:25  Extractor x2, Drone x3  
  124  8:26  Spine Crawler, Drone x2  
  124  8:27  Spine Crawler, Drone x4  
  128  8:34  Hive  
  128  8:36  Muscular Augments  
  128  8:37  Lurker Den, Drone  
  128  8:38  Overlord x2  
  128  8:39  Overlord x3, Hatchery  
  128  8:40  Hatchery  
  126  8:48  Burrow  
  126  8:53  Zergling x22  
  137  8:59  Hydralisk  
  137  9:00  Hydralisk  
  139  9:05  Baneling x5  
  127  9:49  Seismic Spines, Hydralisk x2  
  127  9:50  Hydralisk x6  
  127  9:51  Hydralisk x4  
  151  9:52  Drone  
  151  9:53  Drone x8  
  151  9:59  Overseer  
  157  10:01  Zergling x12  
  157  10:02  Extractor x2  
  157  10:03  Baneling x23  
  157  10:06  Zerg Melee Weapons Level 2  
  160  10:08  Zerg Missile Weapons Level 1  
  160  10:09  Adrenal Glands  
  160  10:10  Zergling x2  
  160  10:11  Zergling x10  
  166  10:14  Queen  
  165  10:24  Hydralisk x3  
  165  10:25  Zergling x20  
  169  10:35  Overseer  
  168  10:44  Zergling x32  
  168  10:49  Hatchery, Baneling x6  
  183  10:50  Baneling x3  
  183  10:53  Lurker x6  
  183  10:54  Lurker x4  
  192  11:03  Drone x3  
  192  11:04  Drone x3  
  198  11:14  Adaptive Talons  
  173  11:48  Zergling x52  
  198  12:05  Zergling x8  
  198  12:08  Spore Crawler  
  198  12:10  Spine Crawler x3  
  198  12:11  Overseer x2, Spine Crawler  
  198  12:13  Baneling x15  
  185  12:24  Hydralisk  
  185  12:25  Hydralisk x3  
Tags
 
Composition
Lurkers
Matchup
TvZ
Spawn Locations
Cross Positions
Add a new tag
Caveats
  • Supply blocks, unpowered buildings, or Contaminate may cause inaccurate times.
  • Supply counts are checked every 10 seconds.